2465 views
Uploaded 2022-01-31 15:15:41
Game version 1.32.10
28:04 long 4on4 ladder game on (8)Feralas_LV
Saved by xzz
2465 views
Uploaded 2022-01-31 15:15:41
Game version 1.32.10
28:04 long 4on4 ladder game on (8)Feralas_LV


170 units @ 19.8k
/ 1.5k
88 buildings @ 12.5k
/ 5.9k


| Moonstone | 1 | 50 |
| Scroll of Town Portal | 5 | 1750 |
| Boots of Speed | 1 | 250 |
| total: | 7 | 2050g |
| Wisp | 24 | 1440 | / | 0 |
| Archer | 19 | 2470 | / | 190 |
| Hippogryph | 6 | 960 | / | 120 |
| Forest Troll Berserker | 3 | 735 | / | 90 |
| Forest Troll Shadow Priest | 3 | 585 | / | 30 |
| Ogre Mauler | 1 | 300 | / | 0 |
| total: | 56 | 6490g | / | 430w |
| Ancient Protector | 3 | 405 | / | 240 |
| Moon Well | 6 | 1080 | / | 240 |
| Ancient of War | 1 | 150 | / | 60 |
| Altar of Elders | 1 | 180 | / | 50 |
| Ancient of Wonders | 2 | 180 | / | 60 |
| Tree of Life | 1 | 340 | / | 185 |
| Hunter's Hall | 1 | 210 | / | 100 |
| Ancient of Wind | 3 | 450 | / | 420 |
| Tree of Ages | 1 | 320 | / | 180 |
| Tree of Eternity | 1 | 330 | / | 200 |
| total: | 18 | 2995g | / | 1355w |
| 0:03 | Wisp |
| 0:04 | Wisp |
| 0:09 | Moon Well |
| 0:14 | Ancient of War |
| 0:24 | Altar of Elders |
| 0:35 | Wisp |
| 0:52 | Wisp |
| 1:08 | Wisp |
| 1:08 | Wisp |
| 1:19 | Archer |
| 1:41 | Wisp |
| 1:44 | Moon Well |
| 2:05 | Archer |
| 2:19 | Ancient of Wonders |
| 2:23 | Wisp |
| 2:28 | Force of Nature |
| 2:42 | Archer |
| 2:42 | Archer |
| 2:56 | Archer |
| 3:30 | Archer |
| 3:33 | Moon Well |
| 3:39 | Entangling Roots |
| 3:58 | Tree of Life |
| 4:20 | Tree of Ages |
| 5:08 | Entangling Roots |
| 5:25 | Hunter's Hall |
| 5:36 | Moon Well |
| 5:58 | Forest Troll Berserker |
| 5:58 | Forest Troll Shadow Priest |
| 6:32 | Ancient Protector |
| 6:33 | Wisp |
| 6:33 | Wisp |
| 6:33 | Wisp |
| 6:33 | Wisp |
| 6:33 | Wisp |
| 6:46 | Wisp |
| 6:48 | Wisp |
| 6:48 | Wisp |
| 7:11 | Improved Bows |
| 7:14 | Wisp |
| 7:14 | Wisp |
| 7:45 | Strength of the Moon |
| 7:48 | Wisp |
| 7:48 | Wisp |
| 7:56 | Thorns Aura |
| 8:10 | Ancient of Wonders |
| 8:18 | Ancient of Wind |
| 8:41 | Trueshot Aura |
| 9:13 | Ancient of Wind |
| 9:14 | Wisp |
| 9:14 | Wisp |
| 9:22 | Tree of Eternity |
| 9:23 | Archer |
| 9:23 | Archer |
| 9:24 | Archer |
| 9:24 | Archer |
| 9:24 | Archer |
| 9:24 | Archer |
| 9:24 | Archer |
| 9:24 | Archer |
| 9:27 | Scroll of Town Portal |
| 9:28 | Boots of Speed |
| 9:41 | Wisp |
| 9:57 | Wisp |
| 10:00 | Ancient Protector |
| 10:12 | Forest Troll Berserker |
| 10:12 | Forest Troll Shadow Priest |
| 10:19 | Ogre Mauler |
| 10:29 | Ancient of Wind |
| 11:25 | Archer |
| 11:30 | Scroll of Town Portal |
| 11:41 | Moon Well |
| 11:55 | Marksmanship |
| 11:59 | Moonstone |
| 12:04 | Hippogryph |
| 12:04 | Hippogryph |
| 12:04 | Hippogryph |
| 12:51 | Searing Arrows |
| 13:33 | Hippogryph |
| 13:35 | Archer |
| 13:35 | Archer |
| 13:35 | Archer |
| 13:37 | Moon Well |
| 14:03 | Forest Troll Shadow Priest |
| 14:03 | Forest Troll Berserker |
| 14:12 | Scroll of Town Portal |
| 14:13 | Scroll of Town Portal |
| 15:31 | Hippogryph |
| 15:31 | Hippogryph |
| 15:33 | Archer |
| 15:36 | Scroll of Town Portal |
| 16:01 | Ancient Protector |
| 16:03 | Nature's Blessing |
| Right click | 377 |
| Select | 351 |
| Build/train/purchase | 98 |
| Chat | 98 |
| Use ability | 34 |
| Misc. action | 16 |
| Item give/drop | 3 |


| Staff of Preservation | 1 | 150 |
| Scroll of Town Portal | 1 | 350 |
| total: | 2 | 500g |
| Wisp | 16 | 960 | / | 0 |
| Archer | 14 | 1820 | / | 140 |
| Hippogryph | 9 | 1440 | / | 180 |
| total: | 39 | 4220g | / | 320w |
| Moon Well | 6 | 1080 | / | 240 |
| Altar of Elders | 1 | 180 | / | 50 |
| Ancient of War | 1 | 150 | / | 60 |
| Ancient of Wonders | 1 | 90 | / | 30 |
| Hunter's Hall | 1 | 210 | / | 100 |
| Tree of Life | 2 | 680 | / | 370 |
| Ancient of Wind | 3 | 450 | / | 420 |
| Tree of Ages | 1 | 320 | / | 180 |
| Tree of Eternity | 1 | 330 | / | 200 |
| total: | 15 | 2840g | / | 1270w |
| 0:05 | Wisp |
| 0:05 | Wisp |
| 0:05 | Wisp |
| 0:05 | Wisp |
| 0:05 | Wisp |
| 0:19 | Moon Well |
| 0:29 | Altar of Elders |
| 1:01 | Wisp |
| 1:01 | Wisp |
| 1:25 | Ancient of War |
| 1:32 | Moon Well |
| 1:38 | Wisp |
| 1:38 | Wisp |
| 1:38 | Wisp |
| 1:38 | Wisp |
| 2:27 | Archer |
| 2:27 | Archer |
| 2:27 | Archer |
| 2:27 | Archer |
| 2:40 | Tree of Ages |
| 2:47 | Force of Nature |
| 3:01 | Archer |
| 3:01 | Archer |
| 3:17 | Archer |
| 3:28 | Moon Well |
| 4:02 | Archer |
| 4:12 | Entangling Roots |
| 5:02 | Improved Bows |
| 5:04 | Ancient of Wind |
| 5:08 | Ancient of Wind |
| 5:11 | Ancient of Wonders |
| 5:21 | Hunter's Hall |
| 6:11 | Hippogryph |
| 6:20 | Force of Nature |
| 6:26 | Hippogryph |
| 6:28 | Ultravision |
| 6:31 | Strength of the Moon |
| 6:33 | Trueshot Aura |
| 6:54 | Moon Well |
| 7:11 | Staff of Preservation |
| 7:18 | Moon Well |
| 7:49 | Moon Armor |
| 8:27 | Hippogryph |
| 9:24 | Tree of Life |
| 9:27 | Improved Strength of the Moon |
| 9:28 | Improved Moon Armor |
| 9:30 | Tree of Eternity |
| 10:14 | Hippogryph |
| 10:15 | Archer |
| 11:32 | Archer |
| 11:35 | Wisp |
| 11:35 | Wisp |
| 11:36 | Wisp |
| 11:36 | Wisp |
| 11:36 | Wisp |
| 11:39 | Thorns Aura |
| 11:42 | Searing Arrows |
| 12:01 | Scroll of Town Portal |
| 13:35 | Well Spring |
| 13:36 | Advanced Strength of the Moon |
| 13:36 | Advanced Moon Armor |
| 13:38 | Marksmanship |
| 13:38 | Archer |
| 13:39 | Archer |
| 13:41 | Hippogryph |
| 13:48 | Hippogryph |
| 13:55 | Archer |
| 14:13 | Hippogryph |
| 14:27 | Moon Well |
| 14:57 | Hippogryph |
| 14:58 | Archer |
| 15:58 | Tree of Life |
| 16:13 | Hippogryph |
| 16:32 | Ancient of Wind |
| Right click | 346 |
| Select | 263 |
| Build/train/purchase | 79 |
| Use ability | 22 |
| Minimap ping | 5 |
| Item give/drop | 3 |
| Remove unit | 3 |
| Misc. action | 1 |


| Healing Salve | 5 | 500 |
| Scroll of Speed | 4 | 200 |
| Lesser Clarity Potion | 4 | 280 |
| Orb of Lightning | 1 | 375 |
| Potion of Mana | 1 | 200 |
| Scroll of Town Portal | 3 | 1050 |
| total: | 18 | 2605g |
| Peon | 24 | 1800 | / | 0 |
| Grunt | 5 | 1000 | / | 0 |
| Kodo Beast | 2 | 510 | / | 120 |
| Demolisher | 2 | 440 | / | 100 |
| Troll Batrider | 6 | 960 | / | 240 |
| Troll Witch Doctor | 2 | 290 | / | 50 |
| total: | 41 | 5000g | / | 510w |
| Watch Tower | 14 | 1540 | / | 1120 |
| Altar of Storms | 1 | 180 | / | 50 |
| Orc Burrow | 7 | 1120 | / | 280 |
| Barracks | 1 | 180 | / | 50 |
| War Mill | 1 | 205 | / | 0 |
| Voodoo Lounge | 1 | 130 | / | 30 |
| Great Hall | 1 | 385 | / | 185 |
| Spirit Lodge | 2 | 300 | / | 300 |
| Beastiary | 3 | 435 | / | 420 |
| Tauren Totem | 1 | 135 | / | 155 |
| Stronghold | 2 | 630 | / | 380 |
| Fortress | 1 | 325 | / | 190 |
| total: | 32 | 4610g | / | 2590w |
| 0:03 | Peon |
| 0:03 | Peon |
| 0:03 | Peon |
| 0:18 | Altar of Storms |
| 0:36 | Orc Burrow |
| 0:48 | Peon |
| 0:57 | Barracks |
| 1:03 | Peon |
| 1:06 | War Mill |
| 1:21 | Peon |
| 1:29 | Peon |
| 1:48 | Voodoo Lounge |
| 1:53 | Peon |
| 2:01 | Grunt |
| 2:01 | Grunt |
| 2:01 | Grunt |
| 2:01 | Grunt |
| 2:23 | Orc Burrow |
| 2:28 | Wind Walk |
| 2:46 | Spiked Barricades |
| 3:05 | Healing Salve |
| 3:05 | Healing Salve |
| 3:06 | Scroll of Speed |
| 3:14 | Stronghold |
| 3:20 | Peon |
| 3:20 | Peon |
| 3:20 | Peon |
| 3:20 | Peon |
| 3:39 | Grunt |
| 3:48 | Mirror Image |
| 4:02 | Lesser Clarity Potion |
| 4:18 | Watch Tower |
| 4:19 | Watch Tower |
| 4:20 | Watch Tower |
| 4:28 | Watch Tower |
| 4:45 | Peon |
| 4:45 | Peon |
| 5:35 | Peon |
| 5:57 | Great Hall |
| 6:03 | Stronghold |
| 6:43 | Watch Tower |
| 6:44 | Watch Tower |
| 6:50 | Watch Tower |
| 7:26 | Steel Ranged Weapons |
| 7:40 | Orc Burrow |
| 7:43 | Orc Burrow |
| 7:47 | Healing Salve |
| 8:29 | Reinforced Defenses |
| 9:05 | Mirror Image |
| 9:14 | Peon |
| 9:14 | Peon |
| 9:21 | Fortress |
| 9:25 | Spirit Lodge |
| 9:29 | Beastiary |
| 9:36 | Tauren Totem |
| 9:55 | Scroll of Speed |
| 9:56 | Healing Salve |
| 10:15 | Steel Melee Weapons |
| 10:20 | Healing Salve |
| 10:20 | Lesser Clarity Potion |
| 10:20 | Lesser Clarity Potion |
| 10:26 | Hex |
| 10:59 | Spirit Lodge |
| 11:03 | Witch Doctor Adept Training |
| 11:04 | Spirit Walker Adept Training |
| 11:07 | Kodo Beast |
| 11:13 | Demolisher |
| 11:13 | Demolisher |
| 11:37 | Peon |
| 11:37 | Peon |
| 11:38 | Peon |
| 11:38 | Peon |
| 11:38 | Peon |
| 11:38 | Peon |
| 11:38 | Peon |
| 12:44 | Watch Tower |
| 12:46 | Watch Tower |
| 12:47 | Watch Tower |
| 12:52 | War Drums Damage Increase |
| 12:54 | Kodo Beast |
| 12:57 | Troll Batrider |
| 13:45 | Witch Doctor Master Training |
| 13:59 | Orc Burrow |
| 14:08 | Healing Wave |
| 14:11 | Scroll of Town Portal |
| 14:12 | Scroll of Town Portal |
| 14:12 | Scroll of Speed |
| 14:12 | Orb of Lightning |
| 14:21 | Burning Oil |
| 14:31 | Troll Batrider |
| 14:32 | Troll Batrider |
| 14:36 | Orc Burrow |
| 14:40 | Orc Burrow |
| 14:52 | Troll Witch Doctor |
| 14:54 | Troll Witch Doctor |
| 14:57 | Shaman Adept Training |
| 15:28 | Lesser Clarity Potion |
| 15:29 | Potion of Mana |
| 15:53 | Troll Batrider |
| 15:54 | Troll Batrider |
| 15:57 | Beastiary |
| 16:01 | Beastiary |
| 16:04 | Watch Tower |
| 16:07 | Watch Tower |
| 16:20 | Troll Batrider |
| 16:23 | Shaman Master Training |
| 16:42 | Scroll of Town Portal |
| 16:42 | Scroll of Speed |
| 17:09 | Watch Tower |
| 17:12 | Watch Tower |
| Right click | 504 |
| Select group | 312 |
| Select | 282 |
| Assign group | 173 |
| Build/train/purchase | 143 |
| Use ability | 40 |
| Misc. action | 26 |
| Item give/drop | 3 |
| Minimap ping | 3 |
| Remove unit | 2 |

| Peasant | 15 | 1125 | / | 0 |
| Footman | 11 | 1485 | / | 0 |
| Priest | 4 | 540 | / | 40 |
| Knight | 4 | 980 | / | 240 |
| total: | 34 | 4130g | / | 280w |
| Scout Tower | 6 | 180 | / | 120 |
| Arcane Tower | 4 | 280 | / | 200 |
| Guard Tower | 2 | 140 | / | 100 |
| Altar of Kings | 1 | 180 | / | 50 |
| Farm | 10 | 800 | / | 200 |
| Barracks | 2 | 320 | / | 120 |
| Lumber Mill | 2 | 240 | / | 0 |
| Blacksmith | 1 | 140 | / | 60 |
| Arcane Sanctum | 1 | 150 | / | 140 |
| Keep | 1 | 320 | / | 210 |
| Castle | 1 | 360 | / | 210 |
| total: | 23 | 2010g | / | 690w |
| 0:04 | Peasant |
| 0:04 | Peasant |
| 0:10 | Altar of Kings |
| 0:14 | Farm |
| 0:26 | Peasant |
| 0:37 | Peasant |
| 0:58 | Farm |
| 1:00 | Peasant |
| 1:00 | Peasant |
| 1:25 | Barracks |
| 1:28 | Peasant |
| 1:28 | Peasant |
| 1:51 | Farm |
| 1:55 | Peasant |
| 1:56 | Peasant |
| 2:15 | Divine Shield |
| 2:30 | Farm |
| 2:36 | Peasant |
| 2:39 | Footman |
| 2:39 | Footman |
| 3:11 | Scout Tower |
| 3:12 | Footman |
| 3:35 | Barracks |
| 3:40 | Arcane Tower |
| 3:45 | Farm |
| 4:04 | Lumber Mill |
| 4:12 | Lumber Mill |
| 4:20 | Footman |
| 4:34 | Farm |
| 4:45 | Blacksmith |
| 5:04 | Scout Tower |
| 5:17 | Farm |
| 5:37 | Guard Tower |
| 5:47 | Scout Tower |
| 5:53 | Footman |
| 5:58 | Iron Forged Swords |
| 5:58 | Iron Plating |
| 6:05 | Farm |
| 6:23 | Arcane Tower |
| 6:30 | Peasant |
| 6:30 | Peasant |
| 6:47 | Farm |
| 7:10 | Devotion Aura |
| 7:29 | Footman |
| 7:38 | Keep |
| 8:01 | Improved Masonry |
| 8:01 | Improved Lumber Harvesting |
| 8:50 | Footman |
| 9:07 | Footman |
| 9:39 | Scout Tower |
| 10:03 | Defend |
| 10:04 | Footman |
| 10:10 | Arcane Tower |
| 10:16 | Arcane Sanctum |
| 10:24 | Steel Forged Swords |
| 10:43 | Steel Plating |
| 11:35 | Priest |
| 11:36 | Priest |
| 11:40 | Scout Tower |
| 12:10 | Castle |
| 12:22 | Footman |
| 12:31 | Guard Tower |
| 12:33 | Farm |
| 12:55 | Priest |
| 12:56 | Priest Adept Training |
| 13:23 | Scout Tower |
| 13:26 | Holy Light |
| 13:43 | Footman |
| 14:34 | Peasant |
| 14:35 | Peasant |
| 14:39 | Knight |
| 15:52 | Arcane Tower |
| 16:00 | Knight |
| 16:02 | Animal War Training |
| 16:41 | Knight |
| 16:47 | Priest Master Training |
| 16:48 | Priest |
| 17:06 | Knight |
| Right click | 755 |
| Select | 250 |
| Build/train/purchase | 73 |
| Misc. action | 9 |
| Minimap ping | 9 |
| Use ability | 3 |
165 units @ 22.2k
/ 3.5k
146 buildings @ 19.2k
/ 10.7k



| Rod of Necromancy | 2 | 300 |
| Sacrificial Skull | 1 | 50 |
| Orb of Corruption | 1 | 375 |
| Potion of Mana | 1 | 200 |
| Scroll of Healing | 4 | 1000 |
| Scroll of Town Portal | 1 | 350 |
| total: | 10 | 2275g |
| Acolyte | 8 | 600 | / | 0 |
| Ghoul | 4 | 480 | / | 0 |
| Crypt Fiend | 8 | 1720 | / | 320 |
| Frost Wyrm | 9 | 3465 | / | 1080 |
| Forest Troll Berserker | 1 | 245 | / | 30 |
| Forest Troll Shadow Priest | 1 | 195 | / | 10 |
| total: | 31 | 6705g | / | 1440w |
| Nerubian Tower | 1 | 100 | / | 20 |
| Spirit Tower | 1 | 145 | / | 40 |
| Graveyard | 1 | 215 | / | 0 |
| Crypt | 1 | 200 | / | 50 |
| Altar of Darkness | 1 | 180 | / | 50 |
| Ziggurat | 7 | 1050 | / | 350 |
| Tomb of Relics | 2 | 260 | / | 60 |
| Necropolis | 2 | 450 | / | 0 |
| Sacrificial Pit | 1 | 75 | / | 150 |
| Boneyard | 2 | 350 | / | 400 |
| Halls of the Dead | 1 | 320 | / | 210 |
| Black Citadel | 1 | 325 | / | 230 |
| total: | 17 | 2780g | / | 1060w |
| 0:02 | Acolyte |
| 0:03 | Acolyte |
| 0:09 | Graveyard |
| 0:21 | Crypt |
| 0:42 | Altar of Darkness |
| 0:58 | Ziggurat |
| 1:13 | Tomb of Relics |
| 1:26 | Ghoul |
| 1:37 | Ghoul |
| 1:58 | Ziggurat |
| 2:13 | Crypt Fiend |
| 2:35 | Crypt Fiend |
| 2:46 | Carrion Beetles |
| 2:49 | Rod of Necromancy |
| 2:54 | Sacrificial Skull |
| 3:02 | Acolyte |
| 3:24 | Crypt Fiend |
| 3:31 | Acolyte |
| 3:33 | Acolyte |
| 3:33 | Acolyte |
| 3:47 | Acolyte |
| 3:53 | Acolyte |
| 4:14 | Impale |
| 4:27 | Ziggurat |
| 4:35 | Halls of the Dead |
| 4:55 | Crypt Fiend |
| 5:18 | Impale |
| 5:24 | Necropolis |
| 5:39 | Ziggurat |
| 5:43 | Ziggurat |
| 5:59 | Forest Troll Berserker |
| 5:59 | Forest Troll Shadow Priest |
| 6:08 | Creature Attack |
| 6:11 | Nerubian Tower |
| 6:58 | Black Citadel |
| 7:03 | Ghoul |
| 7:04 | Ghoul |
| 7:08 | Spiked Carapace |
| 7:40 | Web |
| 7:57 | Death Coil |
| 8:15 | Sacrificial Pit |
| 8:23 | Ziggurat |
| 9:06 | Ziggurat |
| 9:10 | Tomb of Relics |
| 9:23 | Boneyard |
| 9:25 | Boneyard |
| 9:57 | Unholy Aura |
| 10:29 | Scroll of Healing |
| 10:39 | Crypt Fiend |
| 10:43 | Frost Nova |
| 10:45 | Orb of Corruption |
| 10:46 | Scroll of Healing |
| 10:47 | Rod of Necromancy |
| 10:58 | Freezing Breath |
| 11:02 | Improved Creature Attack |
| 11:36 | Frost Wyrm |
| 11:41 | Frost Wyrm |
| 12:43 | Frost Wyrm |
| 12:44 | Frost Wyrm |
| 12:45 | Crypt Fiend |
| 13:03 | Scroll of Healing |
| 13:06 | Crypt Fiend |
| 13:10 | Advanced Creature Attack |
| 13:25 | Frost Wyrm |
| 13:35 | Frost Wyrm |
| 15:19 | Creature Carapace |
| 15:48 | Frost Wyrm |
| 15:57 | Scroll of Town Portal |
| 16:22 | Improved Creature Carapace |
| 16:40 | Frost Armor |
| 17:01 | Death Coil |
| 17:49 | Frost Wyrm |
| 17:50 | Frost Wyrm |
| 17:50 | Crypt Fiend |
| 17:55 | Spirit Tower |
| 18:05 | Potion of Mana |
| 18:06 | Scroll of Healing |
| 18:33 | Necropolis |
| Select group | 447 |
| Right click | 361 |
| Select | 206 |
| Misc. action | 101 |
| Build/train/purchase | 78 |
| Use ability | 41 |
| Assign group | 29 |
| Resource trade | 9 |
| Remove unit | 4 |
| Item give/drop | 2 |


| Scroll of Regeneration | 4 | 400 |
| Lesser Clarity Potion | 4 | 280 |
| Potion of Healing | 4 | 600 |
| Orb of Fire | 1 | 325 |
| Scroll of Town Portal | 1 | 350 |
| total: | 14 | 1955g |
| Peasant | 16 | 1200 | / | 0 |
| Footman | 3 | 405 | / | 0 |
| Rifleman | 9 | 1845 | / | 270 |
| Flying Machine | 17 | 1700 | / | 510 |
| Siege Engine | 2 | 390 | / | 120 |
| total: | 47 | 5540g | / | 900w |
| Altar of Kings | 1 | 180 | / | 50 |
| Farm | 12 | 960 | / | 240 |
| Barracks | 1 | 160 | / | 60 |
| Lumber Mill | 1 | 120 | / | 0 |
| Blacksmith | 1 | 140 | / | 60 |
| Arcane Vault | 2 | 260 | / | 60 |
| Town Hall | 1 | 385 | / | 205 |
| Workshop | 3 | 420 | / | 420 |
| Keep | 1 | 320 | / | 210 |
| Castle | 1 | 360 | / | 210 |
| total: | 22 | 2625g | / | 1095w |
| 0:03 | Peasant |
| 0:03 | Peasant |
| 0:03 | Peasant |
| 0:20 | Altar of Kings |
| 0:35 | Farm |
| 0:38 | Farm |
| 0:52 | Peasant |
| 0:53 | Peasant |
| 0:55 | Barracks |
| 0:58 | Peasant |
| 1:28 | Peasant |
| 1:28 | Peasant |
| 1:41 | Lumber Mill |
| 1:45 | Peasant |
| 1:45 | Peasant |
| 1:51 | Farm |
| 1:57 | Footman |
| 2:14 | Blacksmith |
| 2:27 | Footman |
| 2:32 | Thunder Clap |
| 2:40 | Arcane Vault |
| 2:46 | Improved Lumber Harvesting |
| 3:04 | Footman |
| 3:18 | Farm |
| 3:22 | Improved Masonry |
| 3:42 | Rifleman |
| 3:54 | Bash |
| 4:05 | Rifleman |
| 4:10 | Peasant |
| 4:11 | Peasant |
| 4:53 | Town Hall |
| 5:06 | Scroll of Regeneration |
| 5:11 | Lesser Clarity Potion |
| 5:23 | Peasant |
| 5:27 | Farm |
| 5:30 | Farm |
| 6:00 | Thunder Clap |
| 6:07 | Peasant |
| 6:08 | Peasant |
| 6:08 | Peasant |
| 6:10 | Keep |
| 6:19 | Scroll of Regeneration |
| 6:26 | Lesser Clarity Potion |
| 6:33 | Rifleman |
| 6:37 | Black Gunpowder |
| 6:57 | Arcane Vault |
| 7:02 | Rifleman |
| 7:31 | Rifleman |
| 7:36 | Farm |
| 7:38 | Farm |
| 7:39 | Farm |
| 7:40 | Farm |
| 8:55 | Bash |
| 9:09 | Rifleman |
| 9:09 | Long Rifles |
| 9:12 | Refined Gunpowder |
| 9:13 | Advanced Masonry |
| 9:14 | Advanced Lumber Harvesting |
| 9:24 | Workshop |
| 9:26 | Workshop |
| 9:29 | Workshop |
| 9:45 | Scroll of Regeneration |
| 9:59 | Castle |
| 10:01 | Rifleman |
| 10:09 | Farm |
| 10:09 | Farm |
| 10:16 | Rifleman |
| 10:38 | Flying Machine |
| 10:38 | Flak Cannons |
| 11:06 | Flying Machine |
| 11:06 | Flying Machine |
| 11:08 | Flying Machine |
| 11:08 | Flying Machine |
| 11:09 | Flying Machine |
| 11:11 | Rifleman |
| 11:14 | Iron Plating |
| 11:15 | Studded Leather Armor |
| 11:46 | Flying Machine |
| 11:46 | Flying Machine |
| 11:51 | Holy Light |
| 12:36 | Flying Machine |
| 12:39 | Imbued Gunpowder |
| 12:41 | Imbued Masonry |
| 13:37 | Barrage |
| 13:39 | Flying Machine |
| 13:44 | Flying Machine |
| 13:44 | Flying Machine |
| 13:50 | Potion of Healing |
| 13:59 | Scroll of Town Portal |
| 13:59 | Orb of Fire |
| 14:18 | Lesser Clarity Potion |
| 14:23 | Flying Machine |
| 14:34 | Steel Plating |
| 14:41 | Flying Machine Bombs |
| 15:08 | Divine Shield |
| 15:20 | Thunder Clap |
| 15:30 | Siege Engine |
| 15:35 | Potion of Healing |
| 15:36 | Potion of Healing |
| 15:38 | Potion of Healing |
| 15:41 | Scroll of Regeneration |
| 15:44 | Lesser Clarity Potion |
| 16:40 | Flying Machine |
| 17:01 | Flying Machine |
| 17:02 | Flying Machine |
| 17:11 | Holy Light |
| 17:24 | Mithril Plating |
| 17:26 | Flying Machine |
| 17:26 | Siege Engine |
| Right click | 492 |
| Select | 393 |
| Select group | 337 |
| Build/train/purchase | 112 |
| Chat | 103 |
| Assign group | 63 |
| Use ability | 9 |
| Minimap ping | 9 |
| Resource trade | 5 |
| Misc. action | 3 |
| Item give/drop | 2 |

| Moonstone | 3 | 150 |
| Potion of Mana | 3 | 600 |
| Potion of Healing | 3 | 450 |
| Scroll of Town Portal | 3 | 1050 |
| Potion of Lesser Invulnerability | 1 | 150 |
| total: | 13 | 2400g |
| Wisp | 26 | 1560 | / | 0 |
| Archer | 8 | 1040 | / | 80 |
| Dryad | 3 | 435 | / | 180 |
| Chimaera | 6 | 1980 | / | 420 |
| total: | 43 | 5015g | / | 680w |
| Ancient Protector | 2 | 270 | / | 160 |
| Altar of Elders | 1 | 180 | / | 50 |
| Moon Well | 8 | 1440 | / | 320 |
| Ancient of War | 1 | 150 | / | 60 |
| Hunter's Hall | 1 | 210 | / | 100 |
| Ancient of Wonders | 1 | 90 | / | 30 |
| Tree of Life | 1 | 340 | / | 185 |
| Ancient of Lore | 2 | 310 | / | 290 |
| Chimaera Roost | 3 | 420 | / | 570 |
| Tree of Ages | 1 | 320 | / | 180 |
| Tree of Eternity | 1 | 330 | / | 200 |
| total: | 20 | 3410g | / | 1765w |
| 0:04 | Wisp |
| 0:04 | Wisp |
| 0:04 | Wisp |
| 0:09 | Altar of Elders |
| 0:14 | Moon Well |
| 0:29 | Wisp |
| 0:42 | Ancient of War |
| 1:02 | Wisp |
| 1:02 | Wisp |
| 1:28 | Moon Well |
| 1:37 | Wisp |
| 1:37 | Wisp |
| 1:49 | Archer |
| 2:02 | Archer |
| 2:11 | Shadow Strike |
| 2:21 | Moon Well |
| 2:33 | Archer |
| 3:06 | Tree of Ages |
| 3:23 | Archer |
| 3:31 | Archer |
| 3:58 | Archer |
| 3:59 | Archer |
| 4:23 | Archer |
| 4:39 | Hunter's Hall |
| 4:47 | Moon Well |
| 4:51 | Fan of Knives |
| 5:43 | Ancient of Wonders |
| 5:45 | Wisp |
| 5:45 | Wisp |
| 5:46 | Wisp |
| 5:53 | Tree of Life |
| 6:04 | Wisp |
| 6:16 | Ancient of Lore |
| 6:21 | Ancient of Lore |
| 6:44 | Improved Bows |
| 6:48 | Shadow Strike |
| 7:08 | Moon Well |
| 7:28 | Moonstone |
| 7:34 | Potion of Mana |
| 7:41 | Strength of the Wild |
| 7:41 | Reinforced Hides |
| 7:43 | Wisp |
| 7:44 | Wisp |
| 7:50 | Dryad |
| 8:31 | Fan of Knives |
| 9:15 | Moon Well |
| 9:17 | Tree of Eternity |
| 9:22 | Moonstone |
| 9:23 | Potion of Healing |
| 9:28 | Wisp |
| 9:28 | Wisp |
| 9:28 | Wisp |
| 9:29 | Wisp |
| 9:50 | Moon Well |
| 9:57 | Abolish Magic |
| 10:02 | Improved Reinforced Hides |
| 10:17 | Scroll of Town Portal |
| 10:18 | Potion of Lesser Invulnerability |
| 10:25 | Wisp |
| 10:26 | Wisp |
| 10:28 | Wisp |
| 10:28 | Wisp |
| 11:16 | Ancient Protector |
| 11:19 | Ancient Protector |
| 11:38 | Shadow Strike |
| 12:12 | Dryad |
| 12:12 | Dryad |
| 12:16 | Chimaera Roost |
| 12:18 | Wisp |
| 12:18 | Wisp |
| 12:18 | Wisp |
| 12:18 | Wisp |
| 12:22 | Improved Strength of the Wild |
| 12:28 | Chimaera Roost |
| 12:37 | Potion of Healing |
| 12:38 | Scroll of Town Portal |
| 12:39 | Moonstone |
| 12:43 | Potion of Mana |
| 12:54 | Well Spring |
| 13:16 | Chimaera Roost |
| 14:21 | Chimaera |
| 14:32 | Scroll of Town Portal |
| 14:34 | Potion of Healing |
| 14:35 | Potion of Mana |
| 14:43 | Chimaera |
| 14:50 | Chimaera |
| 14:51 | Corrosive Breath |
| 14:53 | Chimaera |
| 15:10 | Advanced Strength of the Wild |
| 16:00 | Advanced Reinforced Hides |
| 16:08 | Chimaera |
| 16:39 | Chimaera |
| 17:22 | Spirit of Vengeance |
| 17:50 | Moon Well |
| Right click | 208 |
| Select | 166 |
| Select group | 148 |
| Chat | 117 |
| Build/train/purchase | 94 |
| Assign group | 19 |
| Use ability | 16 |
| Item give/drop | 1 |

| Healing Salve | 6 | 600 |
| Lesser Clarity Potion | 3 | 210 |
| Scroll of Speed | 1 | 50 |
| Scroll of Town Portal | 1 | 350 |
| total: | 11 | 1210g |
| Peon | 26 | 1950 | / | 0 |
| Grunt | 1 | 200 | / | 0 |
| Troll Headhunter | 12 | 1680 | / | 240 |
| Demolisher | 5 | 1100 | / | 250 |
| total: | 44 | 4930g | / | 490w |
| Watch Tower | 76 | 8360 | / | 6080 |
| Orc Burrow | 4 | 640 | / | 160 |
| Altar of Storms | 1 | 180 | / | 50 |
| Barracks | 2 | 360 | / | 100 |
| War Mill | 1 | 205 | / | 0 |
| Voodoo Lounge | 1 | 130 | / | 30 |
| Great Hall | 1 | 385 | / | 185 |
| Beastiary | 1 | 145 | / | 140 |
| Stronghold | 1 | 315 | / | 190 |
| Fortress | 1 | 325 | / | 190 |
| total: | 87 | 10405g | / | 6745w |
| 0:24 | Orc Burrow |
| 0:27 | Altar of Storms |
| 0:29 | Peon |
| 0:29 | Peon |
| 1:04 | Barracks |
| 1:22 | Peon |
| 1:37 | War Mill |
| 1:57 | Orc Burrow |
| 2:11 | Grunt |
| 2:33 | Serpent Ward |
| 2:37 | Peon |
| 2:54 | Troll Headhunter |
| 2:55 | Peon |
| 2:59 | Voodoo Lounge |
| 3:46 | Troll Headhunter |
| 3:46 | Troll Headhunter |
| 3:47 | Peon |
| 3:47 | Peon |
| 3:47 | Peon |
| 4:05 | Hex |
| 4:15 | Troll Headhunter |
| 4:20 | Healing Salve |
| 4:40 | Watch Tower |
| 4:41 | Watch Tower |
| 4:48 | Troll Headhunter |
| 5:21 | Orc Burrow |
| 5:25 | Watch Tower |
| 5:26 | Watch Tower |
| 5:42 | Healing Salve |
| 5:48 | Healing Salve |
| 5:49 | Lesser Clarity Potion |
| 6:08 | Watch Tower |
| 6:09 | Watch Tower |
| 6:19 | Peon |
| 6:20 | Peon |
| 6:21 | Troll Headhunter |
| 6:29 | Watch Tower |
| 6:51 | Peon |
| 6:52 | Peon |
| 6:52 | Peon |
| 7:03 | Serpent Ward |
| 7:38 | Great Hall |
| 7:48 | Watch Tower |
| 7:49 | Watch Tower |
| 7:49 | Watch Tower |
| 9:01 | Watch Tower |
| 9:02 | Watch Tower |
| 9:03 | Watch Tower |
| 9:12 | Healing Salve |
| 9:12 | Healing Salve |
| 9:13 | Lesser Clarity Potion |
| 9:23 | Troll Headhunter |
| 9:31 | Watch Tower |
| 9:33 | Watch Tower |
| 9:34 | Watch Tower |
| 9:34 | Watch Tower |
| 9:49 | Troll Headhunter |
| 10:09 | Scroll of Town Portal |
| 11:10 | Peon |
| 11:10 | Peon |
| 11:14 | Watch Tower |
| 11:16 | Watch Tower |
| 11:16 | Watch Tower |
| 11:17 | Watch Tower |
| 11:37 | Watch Tower |
| 11:38 | Watch Tower |
| 11:39 | Watch Tower |
| 11:40 | Watch Tower |
| 11:40 | Watch Tower |
| 11:46 | Peon |
| 11:46 | Peon |
| 11:46 | Peon |
| 12:47 | Stronghold |
| 13:34 | Watch Tower |
| 13:35 | Watch Tower |
| 13:35 | Watch Tower |
| 13:36 | Watch Tower |
| 13:38 | Watch Tower |
| 13:39 | Watch Tower |
| 13:39 | Watch Tower |
| 14:03 | Troll Headhunter |
| 14:03 | Troll Headhunter |
| 14:05 | Healing Salve |
| 14:06 | Lesser Clarity Potion |
| 14:14 | Scroll of Speed |
| 15:02 | Watch Tower |
| 15:02 | Watch Tower |
| 15:03 | Watch Tower |
| 15:03 | Watch Tower |
| 15:04 | Watch Tower |
| 15:30 | Beastiary |
| 15:31 | Peon |
| 15:32 | Peon |
| 15:32 | Peon |
| 15:32 | Peon |
| 15:36 | Peon |
| 15:36 | Peon |
| 15:36 | Peon |
| 15:36 | Peon |
| 15:59 | Demolisher |
| 16:04 | Orc Burrow |
| 16:10 | Hex |
| 16:23 | Reinforced Defenses |
| 17:00 | Watch Tower |
| 17:00 | Watch Tower |
| 17:00 | Watch Tower |
| 17:01 | Watch Tower |
| 17:02 | Watch Tower |
| 17:02 | Watch Tower |
| 17:03 | Watch Tower |
| 17:04 | Watch Tower |
| 17:05 | Watch Tower |
| 17:05 | Watch Tower |
| 17:06 | Watch Tower |
| 17:25 | Watch Tower |
| 17:25 | Watch Tower |
| 17:25 | Watch Tower |
| 17:26 | Watch Tower |
| 18:40 | Demolisher |
| 19:58 | Steel Armor |
| 19:58 | Steel Ranged Weapons |
| 20:02 | Troll Headhunter |
| 20:02 | Troll Headhunter |
| 20:19 | Watch Tower |
| 20:19 | Watch Tower |
| 20:20 | Watch Tower |
| 20:20 | Watch Tower |
| 20:21 | Watch Tower |
| 20:21 | Watch Tower |
| 20:22 | Watch Tower |
| 20:23 | Watch Tower |
| 20:24 | Watch Tower |
| 20:24 | Watch Tower |
| 20:25 | Watch Tower |
| 20:26 | Watch Tower |
| 20:27 | Watch Tower |
| 20:27 | Watch Tower |
| 22:28 | Watch Tower |
| 22:28 | Watch Tower |
| 22:29 | Watch Tower |
| 22:29 | Watch Tower |
| 22:30 | Watch Tower |
| 22:31 | Watch Tower |
| 22:32 | Watch Tower |
| 22:33 | Watch Tower |
| 22:33 | Watch Tower |
| 23:27 | Serpent Ward |
| 23:35 | Spiked Barricades |
| 26:32 | Fortress |
| 26:34 | Demolisher |
| 26:35 | Demolisher |
| 27:22 | Barracks |
| 27:51 | Demolisher |
| 27:58 | Thorium Ranged Weapons |
| Right click | 860 |
| Select | 323 |
| Chat | 284 |
| Select group | 168 |
| Build/train/purchase | 75 |
| Use ability | 72 |
| Assign group | 23 |
| Misc. action | 23 |
| Minimap ping | 7 |
| Item give/drop | 4 |
⇛